r e k t, neutral male scurrid Tourist }}}}}}}}}}}}}}}}}}}}}}}}}}}}}}}}}}}}}}}} }}}}}}.}}}}}}}}}}}}}}}}}}}}}}}}}}} #.?}}}}}}}}}}}}}}}}}}}.`} #`}}}}}}}}}}}..}}}}.}#I .`..}}}} #..}}}}}.. # #......}}}}..# ..}} #.}}}}..<. #..}} }}}}}}}}#.}} ...} }}}}}}}}}}} }}}# }}..} }}}}.}}}}}}} }}} #}}} }}}}....}}}}}}} }# [.} }}}}}.#...}}}}}} .# }}} }}}}}. .}}.}}}}}}} } }}}} ..}}}}}} }}}}}}}..}}} .}}} ....}}}} }}}}}}..#.}}} %`.. #.#.}}}} .}}}}}}} ...}} }..} . }}}}}} ...}}}}}} }}}}}} }}}} }}}}}} .#..}}}}} }}}}} }}} }}}}}} }} .}}}}}}} }}}}}} } }}}}}}} } }}}}}}}}} }}}}}} r e k t the Rambler Experience level: 1 Strength: 11 Dexterity: 16 Constitution: 14 Intelligence: 12 Wisdom: 13 Charisma: 13 Health: 4(9) Energy: 2(2) Def: 0 Gold: 928 Moves: 78 Dungeon seed: I3SLWoKDGsUbQ3Fr Game ID: r e k t_1498625137 Your Inventory: Coins $ - 928 gold pieces Weapons a - 36 uncursed rusty +2 darts (in quiver) Armor e - an uncursed +0 Hawaiian shirt (being worn) Comestibles b - an uncursed chestnut c - an uncursed cream pie d - 2 uncursed pancakes f - an uncursed tin of lichen g - 2 uncursed food rations h - 3 uncursed tripe rations i - an uncursed lembas wafer j - an uncursed tin of goblin meat Scrolls l - 4 uncursed scrolls of blank paper Potions k - 2 uncursed diluted potions of extra healing Wands o - an uncursed wand of secret door detection (0:11) Tools m - an uncursed expensive camera (0:57) n - an uncursed credit card p - an uncursed towel Spells and supernatural/magical abilities: Name Level Category Fail Memory W - pray for help -- divine ? -- Your skills at the end: Miscellaneous Skills wands [Basic] Weapon Skills dart [Basic] Spellcasting Skills Final Attributes: You were devoutly aligned. You were blinded. You had infravision. You were very stealthy. You survived. Vanquished creatures: a kobold zombie Voluntary challenges: You went without food. You did not adorn yourself with jewelry or accessories. You did not cause conflict. You were not invisible. You did not have reflection. You were not displaced. You were an atheist. You never hit with a wielded weapon. You were a pacifist. You did not use tools. You did not use plumbed fixtures. You did not drink any magical draughts. You were illiterate. You never genocided any monsters. You never polymorphed an object. You never changed form. You used no wishes. You never split a pudding. You never wrote Elbereth's name. You never violated your personal moral code. Dungeon overview: The Dungeons of Doom: levels 1 to 23 Level 1 a long staircase Level 2 a fountain Level 3 Level 4 Level 5 Level 6 an altar to Blind Io Level 7 Level 8 Level 9 Level 10 Level 11 Level 12 Level 13 Level 14 Level 15 Level 16 Level 17 Level 18 Level 19 Level 20 Level 21 Level 22 Level 23 <- You were here many trees History has recorded: On T:1 you entered the Dungeons of Doom to retrieve the Amulet of Yendor! On T:25 you reached level 2 of The Dungeons of Doom. On T:28 you reached level 3 of The Dungeons of Doom. On T:30 you reached level 4 of The Dungeons of Doom. On T:32 you reached level 5 of The Dungeons of Doom. On T:34 you reached level 6 of The Dungeons of Doom. On T:37 you reached level 7 of The Dungeons of Doom. On T:39 you reached level 8 of The Dungeons of Doom. On T:41 you reached level 9 of The Dungeons of Doom. On T:43 you reached level 10 of The Dungeons of Doom. On T:47 you reached level 11 of The Dungeons of Doom. On T:49 you reached level 12 of The Dungeons of Doom. On T:52 you reached level 13 of The Dungeons of Doom. On T:54 you reached level 14 of The Dungeons of Doom. On T:56 you reached level 15 of The Dungeons of Doom. On T:58 you reached level 16 of The Dungeons of Doom. On T:61 you reached level 17 of The Dungeons of Doom. On T:61 you entered the Rogue tribute level. On T:63 you reached level 18 of The Dungeons of Doom. On T:65 you reached level 19 of The Dungeons of Doom. On T:69 you reached level 20 of The Dungeons of Doom. On T:71 you reached level 21 of The Dungeons of Doom. On T:73 you reached level 22 of The Dungeons of Doom. On T:76 you reached level 23 of The Dungeons of Doom. Score breakdown: Gold: 0 ( 0 points) Experience: 1 level ( 0 points) Exploration: 23 levels ( 660 points) Discoveries: 1 item ( 50 points) Variety of kills: 1 monster ( 50 points) Major goal: (nothing yet) ( 0 points) Survival: quit (score multiplied by 3) Total score: 2280 Latest messages: You dig a hole through the floor. You fall through... You start digging downward. You continue digging downward. You dig a pit in the floor. You continue digging downward. You dig a hole through the floor. You fall through... The raven pecks! The raven blinds you! You start digging downward. You continue digging downward. As you dig, the hole fills with water! You fall into the water! You sink like a rock. Your darts rust! You try to crawl out of the water. Pheew! That was close. You try to feel what is lying here on the floor. You feel here a statue of a dwarf. Something pecks! That command is only available in debug mode. Final status: Aloha r e k t the Tourist, quit... You quit in The Dungeons of Doom on dungeon level 23 with 2280 points, and 928 pieces of gold, after 78 moves. You were level 1 with a maximum of 9 hit points when you quit.